 Dungeon Crawl Stone Soup version 0.29-a0-330-g52719c12eb (webtiles) character file.

Game seed: 11085420018607807786

14541 Elathon0 the Basher (level 11, -5/105 HPs)
             Began as a Minotaur Berserker on Apr 25, 2022.
             Was a High Priest of Trog.
             Killed from afar by a fire dragon (21 damage)
             ... with a blast of flame
             ... on level 12 of the Dungeon.
             The game lasted 00:42:59 (8294 turns).

Elathon0 the Basher (Minotaur Berserker)            Turns: 8294, Time: 00:43:00

Health: -5/105     AC: 18    Str: 34    XL:     11   Next: 90%
Magic:  10/10      EV:  8    Int:  4    God:    Trog [*****.]
Gold:   569        SH:  9    Dex: 14    Spells: 10/10 levels left

rFire   + . .      SeeInvis .   v - +11 flail of Abuse {vorpal, rCorr Str+4}
rCold   . . .      Faith    .   y - +0 kite shield
rNeg    . . .      Spirit   .   C - +1 plate armour
rPois   .          Reflect  .   (helmet restricted)
rElec   .          Harm     .   f - +0 cloak
rCorr   +          Rampage  .   (no gloves)
Will    ++...                   (no boots)
Stlth   ..........              q - amulet of regeneration
HPRegen 2.07/turn               h - ring of protection from fire
MPRegen 0.12/turn               k - +6 ring of strength

@: strong-willed, on berserk cooldown, regenerating, studying Fighting
A: horns 2, retaliatory headbutt, strong 1, MP-powered wands
a: Renounce Religion, Berserk, Trog's Hand, Brothers in Arms


You were on level 12 of the Dungeon.
You worshipped Trog.
Trog was extremely pleased with you.
You visited 2 branches of the dungeon, and saw 13 of its levels.

You collected 569 gold pieces.

Inventory:

Hand Weapons
 v - the +11 flail of Abuse (weapon) {vorpal, rCorr Str+4}
   (You found it on level 4 of the Dungeon)

   It inflicts extra damage upon your enemies.
   Str:       It affects your strength (+4).
   rCorr:     It protects you from acid and corrosion.
 x - a +3 war axe of electrocution
 z - a +0 shortbow
 K - a +6 antimagic battleaxe
Missiles
 c - 252 stones
 e - 39 poisoned darts (quivered)
 p - 2 throwing nets
Armour
 f - a +0 cloak (worn)
 y - a +0 kite shield (worn)
 C - a +1 plate armour (worn)
Jewellery
 h - a ring of protection from fire (left hand)
 k - a +6 ring of strength (right hand)
 o - a +4 ring of slaying
 q - an amulet of regeneration (around neck)
 r - a +6 ring of dexterity
 s - an amulet of the acrobat
 B - a ring of willpower
 G - a +4 ring of protection
Wands
 t - a wand of paralysis (5)
 w - a wand of iceblast (17)
 E - a wand of flame (21)
 F - a wand of charming (1)
Scrolls
 a - 7 scrolls of fog
 b - 5 scrolls of identify
 i - 6 scrolls of teleportation
 l - a scroll of summoning
 u - 3 scrolls of blinking
 A - 2 scrolls of fear
 H - 2 scrolls of magic mapping
 I - a scroll of enchant weapon
Potions
 d - 6 potions of curing
 g - 4 potions of might
 j - a potion of cancellation
 m - a potion of flight
 n - 2 potions of heal wounds
 D - a potion of magic
 J - a potion of ambrosia


   Skills:
 * Level 12.4 Fighting
 + Level 9.4(12.3) Axes
 - Level 12.7(14.0) Maces & Flails
 * Level 12.3 Armour
 - Level 3.0 Dodging
 + Level 4.9 Shields


You had 10 spell levels left.
You didn't know any spells.
Your spell library was empty.

Dungeon Overview and Level Annotations

Branches:
Dungeon (12/15)            Temple (0/1) D:4            Lair (1/6) D:9
    Orc: D:9-12

Altars:
Fedhas
Makhleb
Nemelex Xobeh
Ru
Sif Muna
Yredelemnul
The Shining One

Shops:
D:7 !   D:9 *

Annotations:
D:6 1 runed translucent door


Innate Abilities, Weirdness & Mutations

You have a pair of horns on your head.
You reflexively headbutt those who attack you in melee.
Your muscles are strong. (Str +2)
You expend magic power (3 MP) to strengthen your wands.


Message History

The fire dragon tramples you but does no damage.
You sock the fire dragon!
The fire dragon is lightly wounded.
The fire dragon bites you.
* * * LOW HITPOINT WARNING * * *
You block the fire dragon's attack.
The fire dragon tramples you but does no damage.
The fire dragon breathes flames at you. The blast of flame misses you.
You sock the fire dragon!
The fire dragon is moderately wounded.
You block the fire dragon's attack.
The fire dragon claws you but does no damage.
The fire dragon completely misses you.
You sock the fire dragon! You headbutt the fire dragon!
The fire dragon is severely wounded.
The fire dragon barely misses you.
The fire dragon claws you but does no damage.
The fire dragon tramples you but does no damage.
Your skin crawls.
You feel strong-willed.
You carefully extract the barbed spikes from your body.
The fire dragon bites you!
* * * LOW HITPOINT WARNING * * *
You block the fire dragon's attack. x2; The fire dragon bites you.
* * * LOW HITPOINT WARNING * * *
The fire dragon claws you.
* * * LOW HITPOINT WARNING * * *
The fire dragon tramples you but does no damage.
You sock the fire dragon! You headbutt the fire dragon!
The fire dragon is almost dead.
The fire dragon bites you but does no damage.
The fire dragon claws you but does no damage.
The fire dragon tramples you but does no damage.
You sock the fire dragon!
The fire dragon is almost dead.
You feel yourself speed up. The fire dragon breathes flames at you.
The blast of flame hits you!! You resist.
You die... #..### .### #.... ._.. .... .... ..D. ..# #..# W.CO

..# #..# . .c. #H# #..# ..
##.. #.# #..##########..
#.#.#.##W####..............
......KOHD@................
####..C############.......
##.)# #######..##### .....
.........##### ........
.......[|..... ######>...
........###### #...##
#######.###### ....#
######....... .....
..............


You could see a fire dragon (catching breath), a two-headed ogre, a manticore, a
cyclops, a wraith and a kobold.

Vanquished Creatures
  Josephine (D:10)
  Fannar (D:12)
  A hydra (D:12)
  A two-headed ogre (D:10)
  2 cyclopes
  Maurice (D:8)
  A gargoyle (D:10)
  A yaktaur (D:12)
  2 kobold demonologists (D:12)
  4 trolls
  A hornet (D:9)
  Sigmund (D:3)
  5 wraiths (D:10)
  A vampire (D:9)
  2 wyverns
  6 yaks (D:9)
  Grum (D:8)
  5 vampire mosquitoes (D:11)
  3 wargs (D:9)
  Edmund (D:4)
  3 acid dragons
  4 orc warriors
  2 ice beasts
  A black bear (D:5)
  4 wolves (D:8)
  2 ogres
  6 centaurs
  5 bullfrogs
  4 kobold brigands
  2 phantoms
  2 gnoll sergeants
  2 scorpions
  18 wights
  5 killer bees (D:8)
  3 howler monkeys (D:11)
  3 hounds
  12 orc priests
  3 gnoll shamans
  A human zombie (D:6)
  2 jellies
  3 iguanas
  6 orc wizards
  25 gnolls
  8 adders
  3 worms
  2 dart slugs (D:3)
  32 orcs
  11 ball pythons
  3 bats
  3 endoplasms
  A giant cockroach (D:2)
  6 goblins
  7 hobgoblins
  4 quokkas
  2 frilled lizards
  19 kobolds
  A kobold skeleton (D:6)
  4 rats
265 creatures vanquished.

Vanquished Creatures (others)
  9 plants
9 creatures vanquished.

Grand Total: 274 creatures vanquished

Notes
Turn   | Place    | Note
-------+----------+-------------------------------------------
     0 | D:1      | Elathon0 the Minotaur Berserker began the quest for the
                  | Orb.
     0 | D:1      | Reached XP level 1. HP: 19/19 MP: 0/0
   156 | D:1      | Reached XP level 2. HP: 27/27 MP: 1/1
   242 | D:1      | Found a faded altar of an unknown god.
  1198 | D:2      | Reached XP level 3. HP: 31/33 MP: 2/2
  1209 | D:2      | Reached ** piety under Trog
  1270 | D:2      | Gained mutation: You expend magic power (3 MP) to
                  | strengthen your wands. [potion of mutation]
  1270 | D:2      | Gained mutation: Your muscles are strong. (Str +2) [potion
                  | of mutation]
  1948 | D:4      | Noticed an ogre
  1956 | D:4      | Killed an ogre
  1957 | D:4      | Reached skill level 5 in Axes
  1957 | D:4      | Reached XP level 4. HP: 41/41 MP: 3/3
  1957 | D:4      | Reached XP level 5. HP: 47/47 MP: 4/4
  1982 | D:3      | Noticed Sigmund
  2002 | D:3      | Killed Sigmund
  2003 | D:3      | Reached skill level 5 in Fighting
  2003 | D:3      | Reached XP level 6. HP: 19/56 MP: 5/5
  2208 | D:3      | Found a shimmering blue altar of Sif Muna.
  2463 | D:3      | Reached skill level 5 in Armour
  2840 | D:5      | Entered Level 5 of the Dungeon
  2925 | D:5      | Noticed an ice beast
  2930 | D:5      | Killed an ice beast
  2931 | D:5      | Reached XP level 7. HP: 58/62 MP: 6/6
  2981 | D:4      | Found a staircase to the Ecumenical Temple.
  2981 | D:4      | Identified the +11 flail of Abuse {vorpal, rCorr Str+4}
  3004 | D:4      | Noticed Edmund
  3013 | D:4      | Killed Edmund
  3071 | D:5      | Reached *** piety under Trog
  3333 | D:5      | Reached XP level 8. HP: 60/71 MP: 7/7
  3524 | D:5      | Reached skill level 1 in Maces & Flails
  3836 | D:6      | Found a runed translucent door.
  3845 | D:6      | Found a basalt altar of Yredelemnul.
  4118 | D:6      | Found a glowing golden altar of the Shining One.
  4196 | D:6      | Noticed a troll
  4204 | D:6      | Killed a troll
  4325 | D:6      | Reached XP level 9. HP: 79/79 MP: 8/8
  4440 | D:6      | Found a blossoming altar of Fedhas.
  4443 | D:6      | Found a sacrificial altar of Ru.
  4518 | D:7      | Found a burning altar of Makhleb.
  4641 | D:7      | Reached **** piety under Trog
  5088 | D:7      | Reached skill level 5 in Maces & Flails
  5148 | D:7      | Found a sparkling altar of Nemelex Xobeh.
  5247 | D:7      | Found Soseag's Distillery.
  5378 | D:8      | Identified the +1 ring mail of Privacy {Regen+ Str+4}
  5759 | D:8      | Noticed Grum
  5769 | D:8      | Killed Grum
  5880 | D:8      | Noticed Maurice
  5893 | D:8      | Killed Maurice
  5919 | D:8      | Reached XP level 10. HP: 90/90 MP: 9/9
  6283 | D:9      | Found Ammoires's General Store.
  6360 | D:10     | Entered Level 10 of the Dungeon
  6552 | D:9      | Reached ***** piety under Trog
  6557 | D:9      | Reached skill level 10 in Armour
  6576 | D:9      | Found a staircase to the Lair.
  6604 | Lair:1   | Entered Level 1 of the Lair of Beasts
  6895 | D:9      | Reached skill level 10 in Maces & Flails
  7097 | D:10     | Reached skill level 10 in Fighting
  7123 | D:10     | Noticed a gargoyle
  7125 | D:10     | Killed a gargoyle
  7191 | D:10     | Reached XP level 11. HP: 99/99 MP: 10/10
  7297 | D:10     | Noticed a two-headed ogre
  7309 | D:10     | Killed a two-headed ogre
  7564 | D:10     | Noticed Josephine
  7570 | D:10     | Killed Josephine
  7934 | D:12     | Noticed Fannar
  8160 | D:11     | Identified a scroll of acquirement
  8161 | D:11     | Acquired a manual of Fighting
  8201 | D:12     | Received a gift from Trog
  8212 | D:12     | Killed Fannar
  8254 | D:12     | Noticed a four-headed hydra
  8259 | D:12     | Killed a four-headed hydra
  8261 | D:12     | Found a sacrificial altar of Ru.
  8261 | D:12     | Noticed a fire dragon
  8261 | D:12     | Noticed a two-headed ogre
  8294 | D:12     | Killed from afar by a fire dragon

Illustrated notes

Levels and vault maps discovered:
D:1:      lightli_arrival_boilingwater, layout_basic,
          shapermc_ecumenical_altar_notcrosses
D:2:      layout_loops_corners
D:3:      layout_rooms, mainiacjoe_overflow_tiny_flanked, corner_web_ring,
          uniq_sigmund
D:4:      layout_basic, minmay_temple_entry_trees, uniq_edmund
D:5:      layout_loops_ring
D:6:      layout_rooms, dk_yredelemnul_ordeal, tso_metal_star,
          nicolae_overflow_hidden_temple
D:7:      layout_loops_corners, mainiacjoe_overflow_catwalk,
          nemelex_xobeh_ov_fountains_minmay, serial_shops, shop,
          nicolae_grassy_gnolls
D:8:      layout_gridville, uniq_grum, uniq_maurice
D:9:      layout_long_grid, erik_lair_orcish_takeover, serial_shops, shop
D:10:     layout_rooms, special_room [special_room_orc], uniq_josephine
D:11:     layout_cave_pools
D:12:     layout_long_grid, david_orc_3, kennysheep_path_1,
          minmay_ruined_shrine, uniq_nessos, uniq_fannar
Lair:1:   layout_cave_pods

Skill      XL: |  1  2  3  4  5  6  7  8  9 10 11 |
---------------+----------------------------------+-----
Axes           | 4 5 6 7 8 9 |  9.4
Fighting       | 4 5 6 7 8 10 12 | 12.4
Armour         | 3 4 5 6 7 9 10 12 | 12.3
Maces & Flails | 4 7 11 12 | 12.7
Dodging        | 3 |  3.0
Shields        | 2 3 4 |  4.9

Action                   |  1- 3 |  4- 6 |  7- 9 | 10-12 || total
-------------------------+-------+-------+-------+-------++-------
Melee: Hand axe          |    91 |    74 |     2 |       ||   167
       Headbutt          |    14 |    10 |    20 |    38 ||    82
       Punch             |       |     1 |       |       ||     1
       Flail             |       |       |   112 |   214 ||   326
Invok: Berserk           |     1 |     1 |     1 |     2 ||     5
       Trog's Hand       |       |       |       |     1 ||     1
  Use: Scroll            |     7 |     2 |     6 |     7 ||    22
       Potion            |     5 |       |     1 |     1 ||     7
Armor: Animal skin       |     2 |       |       |       ||     2
       Ring mail         |     5 |       |       |       ||     5
       Chain mail        |    16 |    39 |    15 |       ||    70
       Plate armour      |       |       |    35 |   113 ||   148
Dodge: Dodged            |    37 |    21 |    57 |    66 ||   181
Block: Kite shield       |       |       |    34 |    95 ||   129

Table legend: (Time is in decaauts)
 A = Elapsed time spent in this place.
 B = Non-inter-level travel time spent in this place.
 C = Inter-level travel time spent in this place.
 D = Time resting spent in this place.
 E = Time spent auto-exploring this place.
 F = Levels seen in this place.
 G = Mean time per level.
                   A        B        C        D        E       F      G
               +--------+--------+--------+--------+--------+-----+--------+
         Total |   8395 |   7812 |    583 |     45 |   5119 |  13 |  645.8 |
       Dungeon |   8393 |   7810 |    583 |     45 |   5119 |  12 |  699.4 |
          Lair |      1 |      1 |      0 |      0 |      0 |   1 |    1.0 |
               +--------+--------+--------+--------+--------+-----+--------+

Top non-repeatable levels by time:
     D:2: 982 daAuts
     D:7: 912 daAuts
     D:1: 906 daAuts
     D:9: 816 daAuts
     D:3: 792 daAuts
     D:5: 721 daAuts
     D:8: 720 daAuts
     D:6: 688 daAuts
    D:10: 682 daAuts
     D:4: 604 daAuts
    D:11: 450 daAuts
    D:12: 115 daAuts
  Lair:1: 1 daAuts
